AoeStats
← 打一下就投

Arena

510292319Analyzed
2v2 RM · 1d ago on Sep 30, 2026· 23m 51s· 4 players
Game mode
Random Map
Map size
Medium (4 player)
Population
200
Speed
Normal
Resources
Standard
Victory
Conquest
Starting age
Dark Age
Ending age
Imperial Age
RankedLock teamsTeams togetherTeam positionsShared explorationLock speedFull tech treeHidden civsTurbo modeCheats
Victory
Defeat
🇵🇰 Malay · Pakistan
1011
+13
🇪🇬 Vikings · Egypt
910
+17
🇨🇳 Persians · China
1002
-44
🇧🇷 Turks · Brazil
876
-12
不要打我
10:19 Feudal Age
10:54 Double-Bit Axe
11:03 Horse Collar
12:36 Stone Mining
17:25 Gold Mining
18:20 Wheelbarrow
21:13 Castle Age
19:34 Fletching
19:45 Padded Archer Armor
22:43 Bow Saw
22:36 Heavy Plow
22:33 Bodkin Arrow
22:55 Leather Archer Armor
23:43 Gold Shaft Mining
打一下就投
5:22 Loom
11:13 Feudal Age
11:38 Double-Bit Axe
13:56 Horse Collar
18:21 Castle Age
19:28 Bow Saw
21:03 Heavy Plow
21:51 Squires
NSN WAJID
13:38 Feudal Age
11:56 Loom
17:16 Castle Age
15:03 Horse Collar
16:35 Wheelbarrow
16:19 Double-Bit Axe
21:55 Forging
Hazem
2:16 Loom
12:13 Feudal Age
12:50 Double-Bit Axe
18:14 Castle Age
19:02 Gold Mining
23:37 Squires
Connection lost

Rejoining the realm…

Still unreachable

The connection could not be restored.

Session expired

The server has moved on; the page needs a fresh start.